 Dungeon Crawl Stone Soup version 0.30-a0-40-gc6d0f036a7 (webtiles) character file.

Game seed: 15394643946399999098

21 flotson the Sneak (level 2, 0/24 HPs)
             Began as a Demonspawn Delver on Aug 29, 2022.
             Slain by a goblin
             ... wielding a +0 dagger
              (3 damage)
             ... on level 1 of the Dungeon.
             The game lasted 00:01:33 (659 turns).

flotson the Sneak (Demonspawn Delver)                Turns: 659, Time: 00:01:33

Health: 0/24       AC:  5    Str: 12    XL:     2   Next: 62%
Magic:  2/2        EV: 10    Int: 11    God:
Gold:   16         SH:  0    Dex: 14    Spells: 1/1 levels left

rFire   . . .      SeeInvis .    a - +0 hand axe
rCold   . . .      Faith    .    (no shield)
rNeg    . . .      Spirit   .    d - +0 ring mail
rPois   .          Reflect  .    (helmet restricted)
rElec   .          Harm     .    (no cloak)
rCorr   .          Rampage  .    (no gloves)
Will    .....                    (no boots)
Stlth   ++........               (no amulet)
HPRegen 0.08/turn                (no ring)
MPRegen 0.08/turn                (no ring)

@: no status effects
A: antennae 1
a: no special abilities


You were on level 1 of the Dungeon.
You visited 1 branch of the dungeon, and saw 5 of its levels.

You collected 16 gold pieces.

Inventory:

Hand Weapons
 a - a +0 hand axe (weapon)
Armour
 d - a +0 ring mail (worn)
Wands
 g - a wand of digging (3)
Scrolls
 c - a scroll of fog
 e - 2 scrolls of fear
 h - a scroll of torment {unknown}
 i - a scroll of magic mapping
Potions
 b - a potion of cancellation {unknown}
 f - 2 potions of haste


   Skills:
 + Level 3.2 Fighting
 + Level 2.0 Axes
 + Level 0.6 Armour
 + Level 2.0 Dodging
 - Level 4.5 Stealth
 + Level 0.8 Evocations


You had one spell level left.
You didn't know any spells.
Your spell library was empty.

Dungeon Overview and Level Annotations

Branches:
Dungeon (5/15)             Temple (0/1) D:5

Altars:


Innate Abilities, Weirdness & Mutations

You have a pair of small antennae on your head.


Message History

The giant cockroach is almost dead.
The giant cockroach barely misses you. x2
You hit the giant cockroach.
You kill the giant cockroach!
You closely miss the ball python.
The ball python bites you but does no damage.
The ball python grabs you. The ball python constricts you.
The ball python bites you but does no damage.
The ball python constricts you.
You closely miss the ball python. The ball python barely misses you.
The ball python constricts you.
You hit the ball python.
The ball python is severely wounded.
The ball python bites you but does no damage.
The ball python constricts you. The ball python bites you.
* * * LOW HITPOINT WARNING * * *
The ball python constricts you.
* * * LOW HITPOINT WARNING * * *
You closely miss the ball python.
The ball python is severely wounded.
The ball python bites you but does no damage.
The ball python constricts you.
A hobgoblin comes into view.
Unknown command.
You hit the ball python.
You kill the ball python!
A hobgoblin comes into view.
Unknown command.
You hit the rat.
The rat is moderately wounded.
The rat closely misses you.
Unknown command.
You hit the rat.
You kill the rat!
Unknown command.
You hit the hobgoblin.
You kill the hobgoblin!
You closely miss the goblin. The goblin hits you but does no damage.
The goblin hits you with a +0 dagger.
You die...

# # # # #. #
...## # .#...####
# #(#####
........###?####.
#$....
#...gg@g.!.... #
####.###.###.. #
##...## # #
#....S# ##.######
#.............
.........
#.............
#.....>.
##..$..)?..###
#.......
##......(##
#......g
..###..##
#.......


You could see 2 hobgoblins and a goblin.

Vanquished Creatures
  An adder (D:3)
  A ball python (D:1)
  An endoplasm (D:4)
  2 giant cockroaches (D:1)
  A hobgoblin (D:1)
  A quokka (D:5)
  2 bats
  A frilled lizard (D:3)
  A kobold (D:1)
  A rat (D:1)
12 creatures vanquished.

Notes
Turn   | Place    | Note
-------+----------+-------------------------------------------
     0 | D:5      | flotson the Demonspawn Delver began the quest for the Orb.
     0 | D:5      | Reached XP level 1. HP: 18/18 MP: 1/1
    18 | D:5      | Noticed a centaur
    20 | D:5      | Noticed a black bear
   124 | D:5      | Noticed a necrophage
   423 | D:3      | Gained mutation: You have a pair of small antennae on your
                  | head. [demonic ancestry]
   423 | D:3      | Reached XP level 2. HP: 16/24 MP: 2/2
   659 | D:1      | Slain by a goblin

Illustrated notes

Levels and vault maps discovered:
D:1:      spicycebolla_arrival_ecumenical, layout_loops_ring
D:2:      layout_basic
D:3:      layout_basic
D:4:      layout_loops_cross, nicolae_overflow_hallway_of_the_gods
D:5:      layout_rooms, minmay_temple_entry_fiery, st_stairs_10,
          kb_lookout_dungeons_type, nrook_mini_backslash

Skill      XL: |  1 |
---------------+----+-----
Axes           | 2 |  2.0
Dodging        | 2 |  2.0
Fighting       | |  3.2
Armour         | |  0.6
Stealth        | |  4.5
Evocations     | |  0.8

Action                   || total
-------------------------++-------
Melee: Hand axe          ||    33
  Use: Scroll            ||     2
 Stab: Sleeping          ||     3
Armor: Ring mail         ||    14
Dodge: Dodged            ||    14

Table legend: (Time is in decaauts)
 A = Elapsed time spent in this place.
 B = Non-inter-level travel time spent in this place.
 C = Inter-level travel time spent in this place.
 D = Time resting spent in this place.
 E = Time spent auto-exploring this place.
 F = Levels seen in this place.
 G = Mean time per level.
                   A        B        C        D        E       F      G
               +--------+--------+--------+--------+--------+-----+--------+
         Total |    665 |    655 |     10 |    279 |    192 |   5 |  133.0 |
       Dungeon |    665 |    655 |     10 |    279 |    192 |   5 |  133.0 |
               +--------+--------+--------+--------+--------+-----+--------+

Top non-repeatable levels by time:
     D:5: 215 daAuts
     D:3: 210 daAuts
     D:4: 167 daAuts
     D:2: 38 daAuts
     D:1: 32 daAuts
